 Dungeon Crawl Stone Soup version 0.31-a0-455-g1a7b003ef0 (webtiles) character file.

Game seed: 454833694881991979

7242 lunkers the Martial Artist (level 11, -12/106 HPs)
             Began as a Meteoran Shapeshifter on Aug 3, 2023.
             Was a High Priest of Okawaru.
             Killed from afar by Erica (14 damage)
             ... with a bolt of poison
             ... on level 9 of the Dungeon.
             The game lasted 00:20:05 (3669 turns).

lunkers the Martial Artist (Meteoran Shapeshifter)  Turns: 3669, Time: 00:20:06

Health: -12/106    AC:  9    Str: 21    XL:     11   Next: 59%
Magic:  16/17      EV: 17    Int: 11    God:    Okawaru [*****.]
Gold:   470        SH:  0    Dex: 19    Spells: 10/10 levels left

rFire   . .          .
                       - Unarmed
rCold   . . .        (shield currently unavailable)
rNeg    . . .        a - melded +0 animal skin
rPois   .            (helmet currently unavailable)
rElec   .            (cloak currently unavailable)
rCorr   .            (gloves currently unavailable)
SInv    .            (boots currently unavailable)
Will    ++...        n - amulet of magic regeneration
Stlth   ++           g - ring of willpower
HPRegen 0.37/turn    (no ring)
MPRegen 0.55/turn

%: no passive effects
@: mighty, lethally poisoned (-12 -> -34), snake-form, heroic, glowing
A: constrict, boosted hp, large, sense surroundings 2, otherworldly, glowing,
explore regen
a: Begin Untransformation, Renounce Religion, Heroism, Finesse, Duel


You were on level 9 of the Dungeon.
You worshipped Okawaru.
Okawaru was extremely pleased with you.
You were an enormous anaconda.
You visited 2 branches of the dungeon, and saw 10 of its levels.
You also visited: Bailey.

You collected 470 gold pieces.

Inventory:

Missiles
 d - 2 throwing nets
 A - 3 javelins
Armour
 a - a +0 animal skin (melded)
 b - a +1 helmet
 e - a +0 robe of fire resistance
 z - a +1 ring mail of poison resistance
 F - +0 acid dragon scales
 H - a +2 hat of willpower
Jewellery
 g - a ring of willpower (left hand)
 n - an amulet of magic regeneration (around neck)
Talismans
 c - a beast talisman
 f - a serpent talisman (active)
 l - a talisman of death
Wands
 m - a wand of iceblast (11)
 v - a wand of flame (23)
 G - a wand of paralysis (4)
Scrolls
 h - a scroll of immolation
 i - 3 scrolls of teleportation
 k - 2 scrolls of enchant armour
 u - a scroll of fear
 w - a scroll of fog
 D - a scroll of summoning {unknown}
 E - a scroll of identify
Potions
 j - 3 potions of curing
 o - a potion of ambrosia {unknown}
 p - 2 potions of enlightenment
 q - a potion of berserk rage {unknown}
 r - a potion of might
 s - 2 potions of attraction
 t - 3 potions of heal wounds
 B - 2 potions of mutation {unknown}
 C - a potion of invisibility {unknown}
Miscellaneous
 x - a phial of floods
 y - a condenser vane


   Skills:
 + Level 6.2(11.2) Fighting
 + Level 7.2(12.2) Dodging
 * Level 13.1(18.1) Unarmed Combat
 + Level 7.1 Invocations
 + Level 9.4 Shapeshifting


You had 10 spell levels left.
You didn't know any spells.
Your spell library contained the following spells:

 Spells                   Type           Power      Damage    Failure   Level
 Sandblast                Erth           0%         2d4       34%         1
 Blink                    Tloc           0%         N/A       47%         2
 Lesser Beckoning         Tloc           0%         N/A       47%         2
 Momentum Strike          Conj/Tloc      0%         3d8       47%         2
 Passwall                 Tmut/Erth      0%         N/A       47%         2
 Wereblood                Tmut           0%         N/A       47%         2
 Gell's Gravitas          Tloc           0%         N/A       71%         3
 Stone Arrow              Conj/Erth      0%         3d7       71%         3
 Teleport Other           Tloc           0%         N/A       71%         3
 Vhi's Electric Charge    Tloc/Air       0%         N/A       71%         3
 Arcjolt                  Conj/Air       0%         1d10      100%        5
 Irradiate                Conj/Tmut      0%         3d11      100%        5
 Dispersal                Tloc           0%         N/A       100%        6
 Plasma Beam              Fire/Air       0%         2x1d10    100%        6
 Orb of Destruction       Conj           0%         9d5       100%        7
 Summon Guardian Golem    Hex/Summ       Unusable   N/A       N/A         3
 Spellforged Servitor     Conj/Summ      Unusable   N/A       N/A         7

Dungeon Overview and Level Annotations

Branches:
Dungeon (9/15) Zot: 2024   Temple (1/1) D:5 Zot: 554  Bailey (visited)
   Lair: D:8-11         Orc: D:9-12

Altars:
Ashenzari
Cheibriados
Dithmenos
Fedhas
Gozag
Hepliaklqana
Kikubaaqudgha
Makhleb
Nemelex Xobeh
Okawaru
Qazlal
Ru
Sif Muna
Trog
Uskayaw
Vehumet
Wu Jian
Xom
Yredelemnul

Shops:
D:6 (

Annotations:
D:9 Erica
Temple 3 transporters


Innate Abilities, Weirdness & Mutations

You are an enormous anaconda.
You have a powerful constriction melee attack.
Your maximum health is increased.
Your armour is entirely melded.
You are incapable of wielding weapons or throwing items.
You passively map the area around you.
You are easily found by Zot.
You glow in the dark.
You regain HP and MP as you explore.


Message History

You feel much better. Something hits you but does no damage.
Okay, then.
You barely miss something. Something completely misses you.
You hit something. You hit something. Something hits you but does no damage.
You lash something! Something hits you!
* * * LOW HITPOINT WARNING * * *
Something burns you.
* * * LOW HITPOINT WARNING * * *
You hit something but do no damage.
You hear some strange, mumbled words.
Something hits you but does no damage.
Unknown command.
You lash something! Something hits you!
* * * LOW HITPOINT WARNING * * *
Something burns you.
* * * LOW HITPOINT WARNING * * *
You feel very mighty all of a sudden. Something barely misses you.
You closely miss something. You completely miss something. Something hits you.
* * * LOW HITPOINT WARNING * * *
Something burns you.
* * * LOW HITPOINT WARNING * * *
You gain the combat prowess of a mighty hero.
You hear some strange, mumbled words.
A bolt of poison appears from out of thin air!
The bolt of poison hits you!
You are poisoned.
* * * LOW HITPOINT WARNING * * *
You barely miss something.
* * * LOW HITPOINT WARNING * * *
You feel sick.
A magic dart appears from out of thin air!
The magic dart hits something!
You hear some strange, mumbled words.
A bolt of poison appears from out of thin air!
The bolt of poison hits you!
You are more poisoned.
You die...

, , #.#)#.... ,
#.#)#.... * * * ##
#.#.).... , ,
...####...#.... ,
,, **
*#.......(#.... ,
,, , ###(.........
, , , ,
###...#....## ,,
#######<..#.#.#.o..
#.S{{KKo..#.#...###
* #.#####.#.....###
* , #.. #..#...#.#
*** * #..#
..(##...#.# #.#
.###*#...#.# #.
..** #...#.# #,,#
*####..# * , * ,
.## * *** , ##


You could see an orc and 2 kobolds.

Vanquished Creatures
  Gastronok (D:8)
  2 two-headed ogres
  A troll (D:6)
  Grinder (D:3)
  Sigmund (D:3)
  6 yaks (D:9)
  A steam dragon (D:7)
  An acid dragon (D:8)
  3 ice beasts
  2 orc warriors
  2 ogres
  2 centaurs
  4 phantoms
  8 kobold brigands
  2 bullfrogs
  A gnoll sergeant (D:9)
  2 scorpions
  4 wights (D:9)
  A howler monkey (D:7)
  A jelly (D:4)
  5 orc priests
  6 hounds
  3 sleepcaps
  5 iguanas
  11 orc wizards
  A mummy (D:5)
  Robin (D:2)
  8 gnolls
  6 adders
  3 shadow imps (D:7)
  3 white imps (D:7)
  5 ufetubi (D:7)
  4 worms
  4 dart slugs
  23 orcs
  5 ball pythons
  2 endoplasms (D:2)
  3 giant cockroaches
  11 goblins
  9 hobgoblins
  9 jackals
  3 quokkas
  5 bats
  3 frilled lizards
  2 hobgoblin zombies (D:5)
  22 kobolds
  A kobold zombie (D:5)
  An orc zombie (D:5)
  A rat (D:2)
211 creatures vanquished.

Vanquished Creatures (others)
  An orc wizard (D:7)
1 creature vanquished.

Grand Total: 212 creatures vanquished

Notes
Turn   | Place    | Note
-------+----------+-------------------------------------------
     0 | D:1      | lunkers the Meteoran Shapeshifter began the quest for the
                  | Orb.
     0 | D:1      | Reached XP level 1. HP: 16/16 MP: 2/2
    30 | D:1      | Reached XP level 2. HP: 10/23 MP: 3/3
    36 | D:1      | Reached skill level 4 in Unarmed Combat
   148 | D:1      | Reached XP level 3. HP: 27/28 MP: 4/4
   417 | D:2      | Reached XP level 4. HP: 35/35 MP: 5/5
   420 | D:2      | Reached skill level 5 in Unarmed Combat
   622 | D:2      | Found an ornate altar of the Wu Jian Council.
   779 | D:2      | Reached XP level 5. HP: 40/40 MP: 6/6
   952 | D:3      | Noticed Robin
   952 | D:3      | Noticed Grinder
   963 | D:2      | HP: 2/60 [Robin/+10 club (4)]
   964 | D:2      | Killed Robin
  1304 | D:3      | Noticed Sigmund
  1314 | D:3      | Killed Sigmund
  1315 | D:3      | Reached skill level 6 in Unarmed Combat
  1315 | D:3      | Reached skill level 5 in Shapeshifting
  1315 | D:3      | Reached XP level 6. HP: 30/47 MP: 7/7
  1318 | D:3      | Reached skill level 7 in Unarmed Combat
  1323 | D:3      | Paralysed by Grinder for 2 turns
  1336 | D:3      | Killed Grinder
  1337 | D:3      | Reached XP level 7. HP: 22/52 MP: 8/8
  1372 | D:3      | Reached skill level 8 in Unarmed Combat
  1572 | D:4      | Reached XP level 8. HP: 42/59 MP: 9/9
  1761 | D:5      | Entered Level 5 of the Dungeon
  1790 | D:5      | Reached skill level 9 in Unarmed Combat
  1791 | D:5      | Found a staircase to the Ecumenical Temple.
  1823 | Temple   | Found a transporter.
  1823 | Temple   | Found a transporter.
  1823 | Temple   | Found a transporter.
  1823 | Temple   | Found a transporter.
  1823 | Temple   | Entered the Ecumenical Temple
  1851 | Temple   | Became a worshipper of Warmaster Okawaru
  1908 | D:5      | Reached skill level 1 in Invocations
  2009 | D:5      | Reached * piety under Okawaru
  2010 | D:5      | Gained mutation: You passively map the area around you.
                  | [Meteoran growth]
  2010 | D:5      | Reached XP level 9. HP: 62/67 MP: 11/11
  2068 | D:5      | Found a radiant altar of Vehumet.
  2166 | D:6      | Reached skill level 10 in Unarmed Combat
  2318 | D:6      | Found Xedirch's Antique Weapon Shop.
  2437 | D:6      | Noticed a two-headed ogre
  2443 | D:6      | Killed a two-headed ogre
  2443 | D:6      | Reached ** piety under Okawaru
  2466 | D:6      | Reached XP level 10. HP: 45/77 MP: 13/13
  2478 | D:6      | Reached skill level 11 in Unarmed Combat
  2530 | D:6      | Reached skill level 5 in Dodging
  2605 | D:6      | Reached *** piety under Okawaru
  2672 | D:7      | Found a flagged portal.
  2682 | Bailey   | Entered a bailey
  2772 | Bailey   | Reached skill level 5 in Invocations
  2782 | Bailey   | Found an iron altar of Okawaru.
  2930 | D:7      | Found a stormy altar of Qazlal.
  3027 | D:7      | Received a gift from Okawaru
  3193 | D:8      | Identified the +5 falchion of the Shining Light {antimagic,
                  | *Slow rCorr Str+6 Int+2}
  3199 | D:8      | Noticed a two-headed ogre
  3204 | D:8      | Killed a two-headed ogre
  3204 | D:8      | Reached **** piety under Okawaru
  3205 | D:8      | Reached skill level 5 in Fighting
  3205 | D:8      | Reached skill level 12 in Unarmed Combat
  3205 | D:8      | Reached XP level 11. HP: 82/86 MP: 16/16
  3374 | D:8      | Identified the +1 robe of the Gate {rElec rF- rN+++ SInv}
  3460 | D:8      | Noticed Gastronok
  3475 | D:8      | Killed Gastronok
  3475 | D:8      | Received a gift from Okawaru
  3560 | D:9      | Reached ***** piety under Okawaru
  3585 | D:9      | Reached skill level 13 in Unarmed Combat
  3612 | D:9      | Received a gift from Okawaru
  3626 | D:9      | Noticed Erica
  3668 | D:9      | HP: 4/106 [something/bolt of poison (11)]
  3669 | D:9      | Killed from afar by Erica

Illustrated notes

Levels and vault maps discovered:
D:1:      minmay_arrival_four_loops, layout_basic
D:2:      layout_loops_corners, basic_altar, nicolae_grassy_gnolls
D:3:      layout_basic, dreamdust_divine_triumvirate, nicolae_half_adder,
          uniq_sigmund, uniq_robin, uniq_grinder
D:4:      kennysheep_goblin_castle, layout_rooms
D:5:      lemuel_ratsnest, layout_basic, vehumet_statue,
          minmay_temple_entry_tees, st_stairs_11, minmay_mini_ossuary
D:6:      minmay_opposing_rooms, layout_basic, serial_shops, shop
D:7:      layout_basic, grunt_qazlal_clouds, enter_bailey_5, serial_demonic,
          serial_demonic_f, serial_demonic_d, serial_demonic_c,
          serial_demonic_b, serial_demonic_a, serial_demonic_c,
          hex_intersection, uniq_crazy_yiuf_cottage, uniq_maggie
D:8:      layout_gridville, serial_shops, nicolae_lakefront_shop, uniq_gastronok
D:9:      layout_rooms, hex_intersection, minivault_4, uniq_erica
Temple:   hellmonk_temple_divided_pantheon

Skill      XL: |  1  2  3  4  5  6  7  8  9 10 11 |
---------------+----------------------------------+-----
Unarmed Combat | 4 5 6 7 8 9 10 12 13 | 13.1
Shapeshifting  | 4 5 6 7 8 9 |  9.4
Invocations    | 1 3 5 7 |  7.1
Dodging        | 3 4 6 7 |  7.2
Fighting       | 2 3 5 6 |  6.2

Action                     |  1- 3 |  4- 6 |  7- 9 | 10-12 || total
---------------------------+-------+-------+-------+-------++-------
  Melee: Unarmed           |    72 |    77 |   137 |   219 ||   505
         Punch             |     2 |     2 |     1 |       ||     5
         Constrict         |       |       |    29 |    55 ||    84
 Invoke: Heroism           |       |       |       |     2 ||     2
    Use: Potion            |     1 |     4 |       |     3 ||     8
         Scroll            |       |       |    10 |     2 ||    12
 Armour: Animal skin       |    13 |     6 |       |       ||    19
         Skin              |     1 |    21 |    59 |   114 ||   195
  Dodge: Dodged            |    30 |    29 |    69 |   126 ||   254
   Form: Anaconda          |       |       |     1 |       ||     1

Table legend: (Time is in decaauts)
 A = Elapsed time spent in this place.
 B = Non-inter-level travel time spent in this place.
 C = Inter-level travel time spent in this place.
 D = Time resting spent in this place.
 E = Time spent auto-exploring this place.
 F = Levels seen in this place.
 G = Mean time per level.
                   A        B        C        D        E       F      G
               +--------+--------+--------+--------+--------+-----+--------+
         Total |   3580 |   3530 |     50 |     42 |   1955 |  11 |  325.5 |
       Dungeon |   3375 |   3325 |     50 |     42 |   1910 |   9 |  375.0 |
        Temple |     45 |     45 |      0 |      0 |      0 |   1 |   45.0 |
        Bailey |    159 |    159 |      0 |      0 |     45 |   1 |  159.0 |
               +--------+--------+--------+--------+--------+-----+--------+

Top non-repeatable levels by time:
     D:2: 775 daAuts
     D:6: 536 daAuts
     D:3: 408 daAuts
     D:8: 386 daAuts
     D:1: 324 daAuts
     D:7: 309 daAuts
     D:5: 281 daAuts
     D:4: 230 daAuts
  Bailey: 159 daAuts
     D:9: 122 daAuts
  Temple: 45 daAuts
